 Dungeon Crawl Stone Soup version 0.22.1-2-g9c5b331383 (webtiles) character file.

537 EvilAshe the Slasher (level 7, 0/55 HPs)
             Began as a Human Fighter on Dec 1, 2018.
             Succumbed to an orc wizard's poison
             ... on level 3 of the Dungeon.
             The game lasted 00:13:46 (4748 turns).

EvilAshe the Slasher (Human Fighter)                Turns: 4748, Time: 00:13:47

Health: 0/55       AC: 13    Str: 19    XL:     7   Next: 50%
Magic:  7/7        EV:  5    Int:  8    God:
Gold:   159        SH:  9    Dex: 12    Spells: 6/6 levels left

rFire    . . .     SeeInvis .   a - +0 long sword
rCold    . . .     Gourm    .   c - +0 shield
rNeg     . . .     Faith    .   l - +0 chain mail
rPois    .         Spirit   .   s - +1 helmet
rElec    .         Reflect  .   (no cloak)
rCorr    .         Harm     .   r - +0 pair of gloves
MR       .....                  (no boots)
Stlth    ..........             (no amulet)
HPRegen  0.18/turn              (no ring)
MPRegen  0.10/turn              (no ring)

@: lethally poisoned (0 -> -41)
A: no striking features
a: no special abilities


You were on level 3 of the Dungeon.
You were not hungry.

You visited 1 branch of the dungeon, and saw 4 of its levels.

You collected 159 gold pieces.

Inventory:

Hand Weapons
 a - a +0 long sword (weapon)
Missiles
 h - 137 stones (quivered)
Armour
 c - a +0 shield (worn)
 l - a +0 chain mail (worn)
   (You found it on level 1 of the Dungeon)
 r - a +0 pair of gloves (worn)
   (You found it on level 2 of the Dungeon)
 s - a +1 helmet (worn)
   (You found it on level 2 of the Dungeon)
Wands
 d - a wand of iceblast (10)
   (You found it on level 2 of the Dungeon)
 t - a wand of flame (37)
   (You found it on level 3 of the Dungeon)
 u - a wand of paralysis (11)
   (You found it on level 4 of the Dungeon)
Scrolls
 g - a scroll of immolation {unknown}
 i - 5 scrolls of enchant armour {unknown}
 m - 2 scrolls of remove curse {unknown}
 q - a scroll of magic mapping {unknown}
 x - a scroll of identify {unknown}
Potions
 b - a potion of invisibility {unknown}
 f - 3 potions of haste {unknown}
 j - a potion of cancellation {unknown}
 k - 2 potions of agility {unknown}
 n - 2 potions of heal wounds {@q2}
 o - 2 potions of curing {@q1}
 p - a potion of degeneration {unknown}
 v - 2 potions of brilliance {unknown}
 w - a potion of flight {unknown}
 z - a potion of lignification {unknown}
Comestibles
 e - 8 rations {!d}
 y - 9 chunks of flesh


   Skills:
 + Level 4.4 Fighting
 * Level 5.1 Long Blades
 + Level 4.4 Armour
 + Level 4.3 Shields


You had 6 spell levels left.
You didn't know any spells.
Your spell library was empty.

Dungeon Overview and Level Annotations

Branches:
Dungeon (4/15)
 Temple: D:4-7

Altars:
Xom


Message History

The puff of flame hits you!
You feel sick. Something hits you but does no damage.
You are more poisoned.
You feel sick.
You feel sick. Something hits you but does no damage.
You feel sick.
You feel sick. Something hits you but does no damage.
You are lethally poisoned!
* * * LOW HITPOINT WARNING * * *
You feel sick.
* * * LOW HITPOINT WARNING * * *
You feel sick. Something hits you but does no damage.
You are more poisoned.
* * * LOW HITPOINT WARNING * * *
You feel sick.
You hear some strange, mumbled words.
A puff of flame appears from out of thin air!
The puff of flame hits you!
* * * LOW HITPOINT WARNING * * *
You feel much better.
You feel sick. You block something's attack. That beam is likely to hit you.
Continue anyway?
The mass of ice explodes!
The iceblast engulfs something.
The iceblast engulfs you!
* * * LOW HITPOINT WARNING * * *
* * * LOW HITPOINT WARNING * * *
You feel sick.
You hear a bark! x2
Something hits you but does no damage.
You are more poisoned.
You miss something.
* * * LOW HITPOINT WARNING * * *
You feel very sick. Something hits you but does no damage.
You are more poisoned.
You miss something.
* * * LOW HITPOINT WARNING * * *
You feel very sick. Something hits you but does no damage.
You are more poisoned.
You hit something.
* * * LOW HITPOINT WARNING * * *
You feel very sick. Something hits you but does no damage.
You are more poisoned.
Your shield and chain mail prevent you from hitting something.
You die...

#.############
#............#
#.##########.#
#.#.g.gg.# #.#
#.#.####.# #.#
#####.#.# #.# #.#
g.g.....# #g# #.#
#####.######g###.#
....#.#..g.....#@#
###.#.#.####.#.#{#
...|#.#)#....#.#.#
#####.#.#.####.#.#
......#.#......#.#
#######)########.##
.......>..........#
#####.#############
# #.#......#


There were no monsters in sight!

Vanquished Creatures
  An ogre (D:4)
  2 jellies (D:2)
  An orc priest (D:3)
  2 orc wizards (D:3)
  Ijyb (D:4)
  Natasha (thrice) (D:2)
  5 gnolls (D:3)
  4 adders
  2 oozes
  4 worms
  3 dart slugs (D:1)
  3 leopard geckos
  11 orcs
  3 giant cockroaches
  11 goblins
  7 hobgoblins
  An iguana (D:2)
  6 jackals (D:1)
  7 kobolds
  A quokka (D:1)
  6 bats
  10 frilled lizards
  7 rats
101 creatures vanquished.

Notes
Turn   | Place    | Note
-------+----------+-------------------------------------------
     0 | D:1      | EvilAshe the Human Fighter began the quest for the Orb.
     0 | D:1      | Reached XP level 1. HP: 18/18 MP: 1/1
    98 | D:1      | Reached XP level 2. HP: 24/24 MP: 2/2
   212 | D:1      | Reached XP level 3. HP: 19/29 MP: 3/3
   584 | D:1      | Reached skill level 3 in Long Blades
   584 | D:1      | Reached XP level 4. HP: 32/35 MP: 4/4
   843 | D:2      | Noticed Natasha
   861 | D:2      | Killed Natasha
  1022 | D:2      | Noticed an orc warrior
  1772 | D:2      | Found a shimmering altar of Xom.
  1821 | D:2      | Reached XP level 5. HP: 24/41 MP: 5/5
  2224 | D:2      | Noticed Natasha
  2358 | D:2      | Killed Natasha
  2442 | D:2      | Noticed Natasha
  2504 | D:3      | Reached skill level 4 in Long Blades
  2504 | D:3      | Reached XP level 6. HP: 27/48 MP: 6/6
  3920 | D:2      | Killed Natasha
  3920 | D:2      | Reached XP level 7. HP: 23/54 MP: 7/7
  4325 | D:4      | Noticed Ijyb
  4346 | D:4      | Killed Ijyb
  4558 | D:4      | Reached skill level 5 in Long Blades
  4742 | D:3      | HP: 1/55 [something/puff of flame (7)]
  4748 | D:3      | Succumbed to an orc wizard's poison

Skill      XL: |  1  2  3  4  5  6  7 |
---------------+----------------------+-----
Long Blades    | 3 4 5 |  5.1
Fighting       | 4 |  4.4
Armour         | 4 |  4.4
Shields        | 4 |  4.3

Action                   |  1- 3 |  4- 6 |  7- 9 || total
-------------------------+-------+-------+-------++-------
Melee: Long sword        |   127 |   252 |    70 ||   449
Throw: Stone             |       |    14 |       ||    14
Evoke: Wand              |       |       |     3 ||     3
  Use: Potion            |       |     2 |     3 ||     5
 Stab: Paralysed         |       |       |     4 ||     4
  Eat: Chunk             |       |    10 |     3 ||    13
Armor: Scale mail        |    52 |       |       ||    52
       Chain mail        |    14 |    98 |    44 ||   156
Dodge: Dodged            |    28 |    56 |     7 ||    91
Block: Shield            |    54 |   115 |    38 ||   207
       Rpst.: Long sword |    11 |    22 |       ||    33
